AoeStats
← Lukan

Arabia

514191267Analyzed
1v1 RM · 20d ago on Oct 17, 2026· 50m 58s· 2 players
Game mode
Random Map
Map size
Tiny (2 player)
Population
200
Speed
Normal
Resources
Standard
Victory
Conquest
Starting age
Dark Age
Ending age
Imperial Age
RankedLock teamsTeams togetherTeam positionsShared explorationLock speedFull tech treeHidden civsTurbo modeCheats
Victory
Defeat
🇦🇷 Khmer · Argentina
1190
+16
vs
🇵🇪 Franks · Peru
1180
-16
Lukan
6:16 Loom
7:18 Loom
9:48 Feudal Age
10:19 Double-Bit Axe
20:39 Castle Age
19:14 Gold Mining
22:16 Wheelbarrow
23:11 Gold Shaft Mining
22:54 Bow Saw
24:38 Town Watch
26:27 Forging
26:39 Squires
27:59 Arson
32:02 Iron Casting
31:35 Stone Mining
32:00 Pikeman
32:56 Hand Cart
33:30 Scale Mail Armor
35:15 Chain Mail Armor
41:11 Imperial Age
44:42 Plate Mail Armor
44:28 Halberdier
45:28 Fortified Wall
47:26 Blast Furnace
46:47 Fletching
48:08 Murder Holes
48:52 Bodkin Arrow
franoterot
9:02 Loom
10:53 Feudal Age
15:23 Castle Age
13:29 Double-Bit Axe
20:34 Horse Collar
21:16 Bow Saw
21:50 Wheelbarrow
21:45 Town Watch
23:40 Town Patrol
24:38 Bloodlines
25:09 Hand Cart
25:04 Fletching
25:24 Gold Mining
25:52 Husbandry
28:47 Heavy Plow
31:50 Imperial Age
29:50 Bodkin Arrow
29:28 Light Cavalry
31:49 Scale Barding Armor
31:55 Forging
32:18 Hussar
34:05 Gold Shaft Mining
35:05 Iron Casting
35:40 Chain Barding Armor
36:26 Elite Battle Elephant
38:09 Plate Barding Armor
38:36 Blast Furnace
40:29 Conscription
42:38 Bracer
42:38 Padded Archer Armor
44:01 Crop Rotation
45:02 Stone Mining
45:36 Elite Ballista Elephant
49:12 Leather Archer Armor
48:58 Scale Mail Armor
Connection lost

Rejoining the realm…

Still unreachable

The connection could not be restored.

Session expired

The server has moved on; the page needs a fresh start.